 Dungeon Crawl Stone Soup version 0.21-a0-538-gd16b88a (webtiles) character file.

906 stormannn the Magician (level 7, -1/46 HPs)
             Began as a Demonspawn Wizard on Dec 16, 2017.
             Slain by a gnoll
             ... wielding a +0 spear
              (4 damage)
             ... on level 5 of the Dungeon.
             The game lasted 00:31:48 (7699 turns).

stormannn the Magician (Demonspawn Wizard)          Turns: 7699, Time: 00:31:48

Health: -1/46      AC:  6    Str:  8    XL:     7   Next: 81%
Magic:  14/24      EV: 12    Int: 21    God:
Gold:   166        SH:  0    Dex: 11    Spells: 9/17 levels left

rFire    + . .     SeeInvis .   z - +11 dagger of Reamm {pierce, rN+ MP+9}
rCold    x . .     Gourm    .   (no shield)
rNeg     + . .     Faith    .   a - +0 robe
rPois    .         Spirit   .   (helmet unavailable)
rElec    .         Reflect  .   (no cloak)
rCorr    .         Harm     .   y - +0 pair of gloves
MR       .....                  (no boots)
Stlth    ++........             A - amulet of regeneration
HPRegen  0.55/turn              j - ring of fire
MPRegen  0.19/turn              (no ring)

@: no status effects
A: horns 3, yellow scales 2, demonic guardian 1
a: no special abilities


You were on level 5 of the Dungeon.
You were hungry.

You visited 1 branch of the dungeon, and saw 5 of its levels.

You collected 166 gold pieces.

Inventory:

Hand Weapons
 z - the +11 dagger of Reamm (weapon) {pierce, rN+ MP+9}
   (You found it on level 5 of the Dungeon)

   It inflicts extra damage upon your enemies.
   It protects you from negative energy.
   It affects your magic capacity (+9).
Armour
 a - a +0 robe (worn)
 y - a +0 pair of gloves (worn)
Jewellery
 j - a ring of fire (left hand)
 A - an amulet of regeneration (around neck)
Wands
 s - a wand of paralysis (9)
 w - a wand of scattershot (6)
Scrolls
 b - a scroll of magic mapping {unknown}
 f - 5 scrolls of identify {unknown}
 i - a scroll of enchant armour {unknown}
 m - 4 scrolls of remove curse
 o - 2 scrolls of blinking {unknown}
 r - 2 scrolls of teleportation {unknown}
Potions
 e - 4 potions of curing {unknown}
 g - 3 potions of degeneration {unknown}
 h - a potion of invisibility {unknown}
 l - a potion of flight {unknown}
 n - 2 potions of resistance {unknown}
 p - a potion of haste {unknown}
 t - a potion of lignification {unknown}
 u - a potion of brilliance {unknown}
 v - a potion of agility {unknown}
 x - a potion of heal wounds {unknown}
Books
 c - a book of Minor Magic

   Spells                             Type                      Level
   a - Magic Dart                     Conjuration                  1
   b - Blink                          Translocation                2
   c - Call Imp                       Summoning                    2
   d - Slow                           Hexes                        2
   e - Conjure Flame                  Conjuration/Fire             3
   f - Mephitic Cloud                 Conjuration/Poison/Air       3
Comestibles
 d - 6 bread rations
 k - 2 meat rations
 q - a fruit
 B - 7 chunks of flesh


   Skills:
 - Level 2.3 Dodging
 - Level 2.3 Stealth
 * Level 5.6 Spellcasting
 * Level 5.0 Conjurations
 + Level 2.9 Hexes
 + Level 3.3 Summonings
   Level 0.8 Translocations


You had 9 spell levels left.
You knew the following spells:

 Your Spells              Type           Power        Failure   Level  Hunger
a - Magic Dart            Conj           ####         1%          1    None
b - Slow                  Hex            ###.....     4%          2    None
c - Call Imp              Summ           ###.....     4%          2    None
d - Conjure Flame         Conj/Fire      ###.....     11%         3    ##.....


Dungeon Overview and Level Annotations

Branches:
Dungeon (5/15)
 Temple: D:4-7

Altars:
Ashenzari
Hepliaklqana
Wu Jian


Innate Abilities, Weirdness & Mutations

You have a pair of large horns on your head.
You are mostly covered in yellow scales. (AC +3)
A weak demonic guardian rushes to your aid.


Message History

Your crimson imp closely misses the gnoll.
You puncture the gnoll!
The gnoll is almost dead.
The gnoll closely misses you. The gnoll hits you with a halberd.
The gnoll hits you with a flail.
Your crimson imp hits the gnoll.
The gnoll dies!
You closely miss the gnoll. The gnoll hits you with a spear.
The gnoll hits you with a flail!
* * * LOW HITPOINT WARNING * * *
Okay, then.
Casting: Call Imp
Confirm with . or Enter, or press ? or * to list all spells.
Okay, then.
You completely miss the gnoll. The gnoll closely misses you.
Your crimson imp blinks!
The gnoll barely misses you.
You hit the gnoll.
The gnoll is moderately wounded.
The gnoll hits you with a spear.
You die...

...$........
.............
......≈.....
....≈≈.....
#..........
#..........
#...5....# #≈......#
##♣)@g...# #.≈.§g...#
#........##
########........####.
.....................
########.............
##..≈≈........
#...≈........
#............


You could see 2 gnolls and a friendly crimson imp.

Vanquished Creatures
  Grinder (D:4)
  An ogre (D:4)
  A howler monkey (D:4)
  A gnoll shaman (D:5)
  A hound (D:5)
  2 worker ants (D:5)
  A hound skeleton (D:5)
  Robin (D:2)
  9 gnolls
  3 adders
  An ooze (D:4)
  4 worms
  A dart slug (D:5)
  4 leopard geckos
  5 orcs (D:5)
  A ball python (D:2)
  12 bats
  4 giant cockroaches
  9 goblins
  8 hobgoblins
  6 jackals (D:5)
  A quokka (D:3)
  5 frilled lizards
  A jackal skeleton (D:5)
  5 kobolds
  A leopard gecko skeleton (D:4)
  8 rats
97 creatures vanquished.

Vanquished Creatures (collateral kills)
  The ghost of gressup the Chopper, an amateur HOWn of Okawaru (D:4)
  Menkaure (D:4)
  An ogre (D:4)
  A hound (D:4)
  An orc wizard (D:4)
  3 gnolls
  A worm (D:2)
  2 orcs (D:4)
11 creatures vanquished.

Grand Total: 108 creatures vanquished

Notes
Turn   | Place    | Note
-------+----------+-------------------------------------------
     0 | D:1      | stormannn the Demonspawn Wizard began the quest for the Orb.
     0 | D:1      | Reached XP level 1. HP: 13/13 MP: 4/4
   297 | D:1      | Gained mutation: You have a pair of small horns on your head. [demonic ancestry]
   297 | D:1      | Reached XP level 2. HP: 19/19 MP: 0/6
  1556 | D:2      | Noticed Robin
  1596 | D:2      | Gained mutation: A weak demonic guardian rushes to your aid. [demonic ancestry]
  1596 | D:2      | Reached XP level 3. HP: 20/24 MP: 4/7
  2770 | D:2      | Killed Robin
  3047 | D:2      | Gained mutation: You have a pair of horns on your head. [demonic ancestry]
  3047 | D:2      | Reached XP level 4. HP: 28/30 MP: 3/9
  3359 | D:2      | Learned a level 2 spell: Slow
  3362 | D:2      | Learned a level 2 spell: Call Imp
  4823 | D:3      | Gained mutation: You are partially covered in yellow scales. (AC +2) [demonic ancestry]
  4823 | D:3      | Reached XP level 5. HP: 35/35 MP: 9/11
  5026 | D:4      | Found a shattered altar of Ashenzari.
  5026 | D:4      | Found a hazy altar of Hepliaklqana.
  5036 | D:4      | Found an ornate altar of the Wu Jian Council.
  5140 | D:4      | Reached skill level 1 in Hexes
  5263 | D:4      | Noticed an ogre
  5271 | D:4      | Killed an ogre
  5310 | D:4      | Noticed Menkaure
  5383 | D:4      | Killed Menkaure
  5383 | D:4      | Gained mutation: You are mostly covered in yellow scales. (AC +3) [demonic ancestry]
  5383 | D:4      | Reached XP level 6. HP: 4/41 MP: 1/12
  5843 | D:4      | Learned a level 3 spell: Conjure Flame
  6605 | D:4      | Noticed gressup's ghost (amateur HOWn)
  6680 | D:4      | Killed gressup's ghost
  6680 | D:4      | Reached skill level 5 in Spellcasting
  6680 | D:4      | Gained mutation: You have a pair of large horns on your head. [demonic ancestry]
  6680 | D:4      | Reached XP level 7. HP: 39/46 MP: 4/14
  6792 | D:4      | Noticed Grinder
  6811 | D:4      | Killed Grinder
  7033 | D:5      | Entered Level 5 of the Dungeon
  7232 | D:5      | Got a slimy dagger
  7233 | D:5      | Identified the +11 dagger of Reamm {pierce, rN+ MP+9} (You found it on level 5 of the Dungeon)
  7693 | D:5      | Reached skill level 5 in Conjurations
  7697 | D:5      | HP: 2/46 [gnoll/flail (13)]
  7699 | D:5      | Slain by a gnoll

Vault maps used:
D:1:      evilmike_arrival_hilbert_curve, minmay_strange_pillars, minivault_24,
          minmay_misc_feat_room
D:2:      uniq_robin
D:4:      kennysheep_spiral_hall, gammafunk_temple_overflow_forgotten,
          first_bread, uniq_menkaure, uniq_grinder
D:5:      kennysheep_decorative_pillar, hangedman_decor_riveting

Skill      XL: |  1  2  3  4  5  6  7 |
---------------+----------------------+-----
Stealth        | 2 |  2.3
Dodging        | 2 |  2.3
Conjurations   | 2 3 4 5 |  5.0
Spellcasting   | 4 5 |  5.6
Hexes          | 1 2 |  2.9
Summonings     | 2 3 |  3.3
Translocations | |  0.8

Action                   |  1- 3 |  4- 6 |  7- 9 || total
-------------------------+-------+-------+-------++-------
Melee: Unarmed           |     2 |     5 |     8 ||    15
       Headbutt          |     1 |     1 |     1 ||     3
       Dagger            |       |       |    30 ||    30
 Cast: Magic Dart        |   138 |   144 |    54 ||   336
       Call Imp          |       |    13 |     3 ||    16
       Slow              |       |     1 |     1 ||     2
       Conjure Flame     |       |     6 |     1 ||     7
Evoke: Wand              |       |     3 |       ||     3
  Use: Scroll            |       |     2 |       ||     2
  Eat: Bread ration      |     1 |       |       ||     1
       Chunk             |     1 |     8 |     2 ||    11
       Fruit             |     1 |     4 |     1 ||     6
Armor: Robe              |     7 |     6 |    12 ||    25
Dodge: Dodged            |    49 |    21 |    31 ||   101

Table legend:
 A = Spawn XP
 B = Non-spawn XP
 C = Spawn XP percentage of total XP
 D = Spawn monster count
 E = Non-spawn monster count
 F = Spawn count percentage of total count
 G = Total turns spent on level
                    A         B        C        D         E        F      G
               +---------+---------+-------+---------+---------+-------+---------
         Total |       0 |    1295 |   0.0 |       0 |     108 |   0.0 |  7699
               +---------+---------+-------+---------+---------+-------+---------
           D:1 |       0 |      34 |   0.0 |       0 |      20 |   0.0 |  1721
           D:2 |       0 |      88 |   0.0 |       0 |      32 |   0.0 |  2433
           D:3 |       0 |      76 |   0.0 |       0 |      16 |   0.0 |   872
           D:4 |       0 |     831 |   0.0 |       0 |      17 |   0.0 |  2007
           D:5 |       0 |     266 |   0.0 |       0 |      23 |   0.0 |   666
               +---------+---------+-------+---------+---------+-------+---------
